 Dungeon Crawl Stone Soup version 0.26-a0-971-g1d9d62bb61 (console) character file.

Game seed: 6761352810199064371

1943 jejorda2 the Slasher (level 8, -14/102 HPs)
             Began as a Purple Draconian Berserker on Dec 4, 2020.
             Was a Priest of Trog.
             Killed from afar by Edmund (16 damage)
             ... with a bolt of acid
             ... on level 6 of the Dungeon.
             The game lasted 00:18:55 (7131 turns).

jejorda2 the Slasher (Purple Draconian Berserker)   Turns: 7131, Time: 00:18:57

Health: -14/102    AC: -5    Str: 19    XL:     8   Next: 98%
Magic:  8/8        EV: 11    Int:  8    God:    Trog [***...]
Gold:   263        SH: 18    Dex: 13    Spells: 7/7 levels left

rFire    . . .     SeeInvis .   a - +1 falchion
rCold    . . .     Faith    .   h - +3 tower shield
rNeg     . . .     Spirit   .   (armour unavailable)
rPois    .         Reflect  .   (helmet restricted)
rElec    .         Harm     .   v - +0 cloak
rCorr    .         Rampage  .   (no gloves)
MR       +++..                  (no boots)
Stlth    ..........             A - amulet of the acrobat
HPRegen  1.27/turn              (no ring)
MPRegen  0.11/turn              (no ring)

@: berserking (expiring), corroded, regenerating (expiring), very quick
A: breathe power, unfitting armour, cold-blooded, AC +6
a: Breathe Dispelling Energy, Berserk, Trog's Hand, Renounce Religion


You were on level 6 of the Dungeon.
You worshipped Trog.
Trog was most pleased with you.
You visited 1 branch of the dungeon, and saw 6 of its levels.
You also visited: Sewer.

You collected 263 gold pieces.

Inventory:

Hand Weapons
 a - a +1 falchion (weapon)
 n - a +0 flail
 p - a +0 rapier
Missiles
 c - 18 poisoned darts (quivered)
 f - 150 stones
 k - 2 curare-tipped darts
 q - 8 javelins
 r - 5 boomerangs
Armour
 h - a +3 tower shield (worn)
 v - a +0 cloak (worn)
Jewellery
 t - an uncursed ring of fire
 A - an amulet of the acrobat (around neck)
Wands
 j - a wand of acid (8)
 s - a wand of flame (18)
 u - a wand of random effects (14)
Scrolls
 b - 3 scrolls of fog
 o - 4 scrolls of teleportation
 w - 3 scrolls of remove curse
 y - 2 scrolls of enchant weapon
 C - a scroll of identify
Potions
 d - 4 potions of attraction
 e - a potion of curing {unknown}
 g - 2 potions of heal wounds
 i - 6 potions of flight
 l - a potion of haste {unknown}
 m - 2 potions of invisibility {unknown}
 x - a potion of magic {unknown}
 z - 2 potions of ambrosia
 B - a potion of might {unknown}
 D - a potion of mutation {unknown}


   Skills:
 - Level 5.0 Fighting
 * Level 7.4 Long Blades
 - Level 5.0 Dodging
 * Level 6.4 Shields
 + Level 3.8 Evocations


You had 7 spell levels left.
You didn't know any spells.
Your spell library was empty.

Dungeon Overview and Level Annotations

Branches:
Dungeon (6/15)             Temple (0/1) D:6           Sewer (visited)

Altars:
Cheibriados
Dithmenos
Elyvilon
Fedhas
Hepliaklqana
Kikubaaqudgha
Okawaru
Trog
Uskayaw
Vehumet
Wu Jian
The Shining One

Annotations:
D:6 Edmund, Eustachio


Innate Abilities, Weirdness & Mutations

You can breathe bolts of dispelling energy.
Your rich purple scales are hard. (AC +6)
You cannot fit into any form of body armour.
You are cold-blooded and may be slowed by cold attacks.


Message History

The jackal barks!
You hit Edmund but do no damage. You tail-slap Edmund, but do no damage.
Edmund is moderately wounded.
You hear a bark!
You block Edmund's attack. The jackal bites you.
You hit Edmund but do no damage.
Edmund is moderately wounded.
You barely miss Edmund.
Edmund is moderately wounded.
You block the jackal's attack.
Edmund zaps a wand.
The bolt of acid hits you!!
* * * LOW HITPOINT WARNING * * *
The acid corrodes you!
You are splashed with acid!
* * * LOW HITPOINT WARNING * * *
You hit Edmund but do no damage.
Your tail-slap misses Edmund.
Edmund is moderately wounded.
You feel the effects of Trog's Hand fading.
The jackal barely misses you.
You riposte.
You hit the jackal.
The jackal is moderately wounded.
Edmund zaps a wand.
The bolt of acid hits you!
You die...

..............##...#####+
..................#..#...
.............##......#.⌠.
.............##....#.'..>
..............#....#.#.⌠.
............###....#.#...
........##.###.......###'
.........### #^..........
.##.....@.# #....#.###..
##.......h@..# #....#.# #..
#####..#.#........##....#......
###..<...###.h.#.#.##............
#.......#####..#.#.#.....#..##...
###.......#......#.......##..#...
##..@r##............. #...
..........h....... .##
##........##....


You could see Edmund and 3 jackals.

Vanquished Creatures
  Grinder (D:4)
  A sky beast (D:6)
  2 ogres (D:4)
  2 centaurs (D:5)
  3 bullfrogs (D:6)
  3 scorpions
  3 electric eels (D:3)
  2 howler monkeys
  A bullfrog zombie (D:5)
  4 orc priests (D:3)
  3 orc wizards
  2 jellies (D:5)
  A centaur skeleton (D:5)
  Crazy Yiuf (D:4)
  An iguana (D:5)
  A merfolk siren (Sewer)
  A merfolk avatar (Sewer)
  2 hound skeletons (D:5)
  Robin (D:4)
  3 river rats (Sewer)
  14 adders
  A shadow imp (D:5)
  An ufetubus (D:6)
  An ooze (D:5)
  An adder zombie (D:5)
  2 adder skeletons (D:4)
  2 worms
  2 dart slugs
  4 leopard geckos
  17 orcs
  3 ball pythons
  5 giant cockroaches
  6 goblins
  16 hobgoblins
  2 jackals (D:1)
  4 quokkas
  9 bats
  12 frilled lizards
  11 kobolds
  A quokka skeleton (D:5)
  31 rats
183 creatures vanquished.

Vanquished Creatures (others)
  A human (D:2)
  8 plants (D:3)
9 creatures vanquished.

Grand Total: 192 creatures vanquished

Notes
Turn   | Place    | Note
-------+----------+-------------------------------------------
     0 | D:1      | jejorda2 the Draconian Berserker began the quest for the
                  | Orb.
     0 | D:1      | Reached XP level 1. HP: 19/19 MP: 1/1
   122 | D:1      | Reached XP level 2. HP: 26/26 MP: 2/2
   752 | D:2      | Reached XP level 3. HP: 33/33 MP: 3/3
   763 | D:2      | Reached ** piety under Trog
   835 | D:2      | Reached skill level 1 in Shields
   983 | D:2      | Found an ancient bone altar of Kikubaaqudgha.
   987 | D:2      | Noticed a human
   989 | D:2      | Killed a human
  1321 | D:2      | Reached XP level 4. HP: 40/40 MP: 4/4
  1464 | D:3      | Reached skill level 4 in Long Blades
  1479 | D:3      | Found a transporter.
  1498 | D:3      | Reached XP level 5. HP: 35/46 MP: 5/5
  1608 | D:3      | Found a transporter.
  1694 | D:3      | Found a glowing drain.
  1725 | Sewer    | Entered a sewer
  1924 | Sewer    | Reached XP level 6. HP: 45/53 MP: 6/6
  1939 | Sewer    | Reached *** piety under Trog
  2227 | Sewer    | Reached skill level 5 in Long Blades
  2415 | Sewer    | Got a twisted war axe
  2913 | D:3      | Found a faded altar of an unknown god.
  3457 | D:3      | Your scales start taking on a rich purple colour.
  3457 | D:3      | Reached XP level 7. HP: 34/60 MP: 7/7
  3648 | D:4      | Found a runed translucent door.
  3649 | D:4      | Noticed Crazy Yiuf
  3657 | D:4      | Killed Crazy Yiuf
  3724 | D:4      | Noticed Grinder
  3730 | D:4      | Killed Grinder
  3731 | D:4      | Reached skill level 5 in Fighting
  3731 | D:4      | Reached skill level 1 in Evocations
  3740 | D:4      | Identified the +8 war axe "Feafah" {pain, *Corrode rC+
                  | Int+8} (You found it in a sewer)
  3831 | D:4      | Found a bloodstained altar of Trog.
  4070 | D:4      | Reached skill level 6 in Long Blades
  4146 | D:4      | Noticed Robin
  4181 | D:4      | Killed Robin
  4359 | D:4      | Reached XP level 8. HP: 67/68 MP: 8/8
  4565 | D:4      | Reached skill level 5 in Shields
  5034 | D:4      | Found a hide-covered altar of Uskayaw.
  5036 | D:4      | Found a hazy altar of Hepliaklqana.
  5040 | D:4      | Found a white marble altar of Elyvilon.
  5040 | D:4      | Found a snail-covered altar of Cheibriados.
  5040 | D:4      | Found a blossoming altar of Fedhas.
  5040 | D:4      | Found a radiant altar of Vehumet.
  5041 | D:4      | Found an ornate altar of the Wu Jian Council.
  5044 | D:4      | Found a shadowy altar of Dithmenos.
  5045 | D:4      | Found a glowing golden altar of the Shining One.
  5130 | D:5      | Entered Level 5 of the Dungeon
  5837 | D:5      | Reached **** piety under Trog
  6221 | D:5      | Found an iron altar of Okawaru.
  6569 | D:5      | Reached skill level 7 in Long Blades
  6679 | D:6      | Noticed Eustachio
  6685 | D:6      | Noticed Edmund
  6745 | D:6      | Reached skill level 5 in Dodging
  6896 | D:6      | Found a staircase to the Ecumenical Temple.
  7130 | D:6      | HP: 1/102 [acid (14)]
  7131 | D:6      | Killed from afar by Edmund

Illustrated notes

Levels and vault maps discovered:
D:1:      ncdulo_lavacross, layout_rooms
D:2:      layout_basic, tgw_kikubaaqudgha
D:3:      gammafunk_steamed_eel, layout_rooms, chequers_ecumenical_altar_grove,
          gup_sewer_entry_glass, serial_bayou_pond_c
D:4:      layout_loops_corners, minitemple, kennysheep_generic_room_3,
          uniq_grinder, uniq_crazy_yiuf_cottage, uniq_robin
D:5:      layout_loops_corners, lemuel_crystal_altar
D:6:      layout_cave_pools, minmay_temple_entry_hall, uniq_edmund,
          uniq_eustachio

Skill      XL: |  1  2  3  4  5  6  7  8 |
---------------+-------------------------+-----
Dodging        | 3 4 5 |  5.0
Shields        | 1 2 3 4 6 |  6.4
Long Blades    | 4 5 6 7 |  7.4
Fighting       | 4 5 |  5.0
Evocations     | 2 3 |  3.8

Action                   |  1- 3 |  4- 6 |  7- 9 || total
-------------------------+-------+-------+-------++-------
Melee: Falchion          |   111 |   259 |   325 ||   695
       Tailslap          |    11 |    32 |    48 ||    91
Throw: Dart              |     4 |       |     3 ||     7
Invok: Berserk           |       |     2 |     4 ||     6
       Trog's Hand       |       |     5 |     2 ||     7
Evoke: Wand              |       |     5 |       ||     5
  Use: Scroll            |       |     7 |     5 ||    12
       Potion            |       |       |     2 ||     2
 Stab: Sleeping          |       |       |     2 ||     2
Armor: Skin              |    31 |    68 |    41 ||   140
Dodge: Dodged            |    43 |    69 |    57 ||   169
Block: Tower shield      |    63 |   241 |   229 ||   533
       Rpst.: Falchion   |    13 |    23 |    22 ||    58

Table legend: (Time is in decaauts)
 A = Elapsed time spent in this place.
 B = Non-inter-level travel time spent in this place.
 C = Inter-level travel time spent in this place.
 D = Time resting spent in this place.
 E = Time spent auto-exploring this place.
 F = Levels seen in this place.
 G = Mean time per level.
                   A        B        C        D        E       F      G
               +--------+--------+--------+--------+--------+-----+--------+
         Total |   7357 |   7157 |    200 |    810 |   4608 |   7 | 1051.0 |
       Dungeon |   6469 |   6269 |    200 |    786 |   4122 |   6 | 1078.2 |
         Sewer |    887 |    887 |      0 |     24 |    485 |   1 |  887.0 |
               +--------+--------+--------+--------+--------+-----+--------+

Top non-repeatable levels by time:
     D:5: 1589 daAuts
     D:4: 1568 daAuts
     D:3: 1397 daAuts
   Sewer: 887 daAuts
     D:2: 755 daAuts
     D:1: 731 daAuts
     D:6: 426 daAuts
